 Dungeon Crawl Stone Soup version 0.20-a0-444-g3734ce0 (webtiles) character file.

109348 shpingle the Zephyrmancer (level 16, -10/122 HPs)
             Began as a Cyno Wanderer on Jan 30, 2017.
             Was a High Priest of Vehumet.
             Mangled by a two-headed ogre
             ... wielding a +0 giant spiked club
              (26 damage)
             ... while paralysed by an orc sorcerer
             ... on level 2 of the Orcish Mines.
             The game lasted 04:35:33 (31461 turns).

shpingle the Zephyrmancer (Cyno Wanderer)          Turns: 31461, Time: 04:35:33

Health: -10/122    AC: 14    Str: 11    XL:     16   Next: 4%
Magic:  25/31      EV:  2    Int: 13    God:    Vehumet [*****.]
Gold:   2582       SH:  0    Dex: 18    Spells: 3/37 levels left

rFire  + . .     SeeInvis .     a - +9 rapier (protect)
rCold  . . .     Gourm    .     M - +2 robe {rN+}
rNeg   + . .     Faith    .     p - +0 buckler
rPois  .         Spirit   .     H - +2 helmet
rElec  +         Reflect  .     I - +2 cloak {+Inv}
rCorr  .         Harm     .     (no gloves)
MR     +....                    B - +2 pair of boots
Stlth  ++++......               l - amulet of regeneration
                                w - ring of wizardry
                                k - +5 ring of dexterity

@: paralysed, infused, very slightly contaminated, invisible
A: limited potential, hooves 1, thin skeletal structure 1, deformed body, fire
resistance 1, electricity resistance, slow regeneration 1, sturdy frame 1
a: Renounce Religion, Turn Visible


You were on level 2 of the Orcish Mines.
You worshipped Vehumet.
Vehumet was extremely pleased with you.
You were not hungry.

You visited 4 branches of the dungeon, and saw 24 of its levels.
You also visited: Sewer and Bailey.

You collected 3011 gold pieces.
You spent 429 gold pieces at shops.


Innate Abilities, Weirdness & Mutations

You have limited potential (max skill of 14).
You have large cloven feet.
You have a somewhat thin skeletal structure. (Dex +2, Stealth)
Armour fits poorly on your strangely shaped body.
Your flesh is heat resistant. (rF+)
You are resistant to electric shocks. (rElec)
You regenerate slowly when monsters are visible.
Your movements are slightly less encumbered by armour. (ER -2)


   Skills:
 - Level 10.0 Fighting
 - Level 9.9(10.1) Short Blades
   Level 2.9(7.0) Long Blades
 - Level 5.0 Throwing
 - Level 10.1 Armour
 + Level 10.8 Dodging
 - Level 8.0 Stealth
 * Level 6.8 Shields
 - Level 11.0 Spellcasting
 + Level 12.1 Conjurations
 - Level 8.5 Charms
 - Level 5.0 Necromancy
   Level 1.2 Translocations
 - Level 8.0 Ice Magic
 * Level 12.4 Air Magic
 - Level 1.4 Poison Magic
 - Level 11.1 Evocations


You had 3 spell levels left.
You knew the following spells:

 Your Spells              Type           Power        Failure   Level  Hunger
a - Infusion              Chrm           ####         1%          1    None
b - Lightning Bolt        Conj/Air       #####.....   1%          5    #####..
c - Regeneration          Chrm/Necr      ###.......   1%          3    #......
d - Spectral Weapon       Hex/Chrm       ###.....     2%          3    #......
e - Song of Slaying       Chrm           ####....     1%          2    None
f - Mephitic Cloud        Conj/Pois/Air  ####....     1%          3    #......
g - Freezing Cloud        Conj/Ice/Air   #####.....   2%          6    ######.
h - Repel Missiles        Chrm/Air       ####..       1%          2    None
i - Conjure Ball Lightni  Conj/Air       #####.....   1%          6    ######.
j - Dazzling Spray        Conj/Hex       ###...       1%          3    #......


Dungeon Overview and Level Annotations

Branches:
Dungeon (15/15)            Temple (1/1) D:7            Lair (6/6) D:8
 Shoals (0/4) Lair:3        Snake (0/4) Lair:4        Slime (0/5) Lair:6
    Orc (2/2) D:10            Elf (0/3) Orc:2        Vaults (0/5) D:13
 Depths (0/5) D:15

Altars:
Ashenzari
Cheibriados
Dithmenos
Elyvilon
Fedhas
Gozag
Hepliaklqana
Kikubaaqudgha
Makhleb
Nemelex Xobeh
Okawaru
Qazlal
Ru
Sif Muna
Trog
Uskayaw
Vehumet
Xom
Yredelemnul
Zin
The Shining One
Beogh
Jiyva

Shops:
D:7 (   D:12 !   D:15 *   Orc:1 =(   Orc:2 }!!*

Portals:
Hell: Lair:6

Annotations:
D:6 exclusion: downstairs
D:12 exclusion: downstairs

Inventory:

Hand Weapons
 a - a +9 rapier of protection (weapon)
   (You bought it in a shop on level 7 of the Dungeon)
 b - a +0 blowgun
   (You took it off Sonja on level 13 of the Dungeon)
Missiles
 g - 5 curare-tipped needles
 o - 2 throwing nets {!f}
 r - 17 poisoned needles
 O - 23 tomahawks (quivered)
Armour
 p - a +0 buckler (worn)
   (You found it on level 8 of the Dungeon)
 A - the +2 robe of Apathy {rPois rF+++ MR- Dex+5}
   (You found it on level 10 of the Dungeon)

   It affects your dexterity (+5).
   It renders you almost immune to fire.
   It protects you from poison.
   It affects your resistance to hostile enchantments.
 B - a +2 pair of boots (worn)
   (You found it on level 3 of the Dungeon)
 H - a +2 helmet (worn)
   (You took it off Robin on level 3 of the Dungeon)
 I - a +2 cloak of invisibility (worn)
   (You took it off Crazy Yiuf on level 3 of the Dungeon)
 M - a +2 robe of positive energy (worn)
   (You took it off a wight on level 15 of the Dungeon)
 S - the +0 cloak of Disappointment {rC+ Dex+4}
   (You acquired it on level 13 of the Dungeon)

   It affects your dexterity (+4).
   It protects you from cold.
Jewellery
 k - a +5 ring of dexterity (left hand)
   (You found it on level 11 of the Dungeon)
 l - an amulet of regeneration (around neck)
   (You found it on level 14 of the Dungeon)
 t - an uncursed ring of poison resistance
   (You found it on level 2 of the Dungeon)
 w - a ring of wizardry (right hand)
   (You found it on level 2 of the Dungeon)
 Q - an uncursed ring of protection from cold
   (You found it on level 14 of the Dungeon)
Wands
 c - a wand of lightning (1/15)
   (You found it on level 6 of the Dungeon)
 e - a wand of enslavement (14/24)
   (You found it on level 6 of the Lair of Beasts)
 m - a wand of digging (17/24)
   (You found it on level 9 of the Dungeon)
 s - a wand of confusion (6/48)
   (You found it on level 5 of the Dungeon)
 J - a wand of paralysis (13/24)
   (You found it on level 4 of the Lair of Beasts)
Scrolls
 h - 2 scrolls of amnesia
 i - 2 scrolls of blinking
 j - 3 scrolls of magic mapping
 q - 4 scrolls of identify {@r1}
 u - 2 scrolls of remove curse {@r2}
 y - 3 scrolls of teleportation {@r4}
 F - 2 scrolls of fear
 T - 3 scrolls of vulnerability {!r}
 V - 3 scrolls of fog
 Z - a scroll of summoning
Potions
 d - 3 potions of lignification {!q}
 x - 2 potions of haste {@q3}
 z - 2 potions of heal wounds {@q2}
 D - 5 potions of brilliance
 E - 2 potions of agility
 G - 4 potions of ambrosia
 K - a potion of magic
 N - 3 potions of resistance
 P - a potion of invisibility
 W - 5 potions of curing {@q1}
 X - 3 potions of might
 Y - a potion of berserk rage
Miscellaneous
 n - a fan of gales
   (You found it on level 6 of the Lair of Beasts)
 v - a phial of floods
   (You found it on level 15 of the Dungeon)
 U - a lamp of fire
   (You found it on level 3 of the Lair of Beasts)
Comestibles
 f - 13 bread rations {@e1}
 C - 6 chunks of flesh

#....##.##
##...#...#### #
##...#.[#..#
##.##.........#
#........#...###
.....#...........#
.................#
..#.....)........##
. #.......O@4.....#
....#...#OOo......
.......{.OOO.##...
.........§§§o.# ..
.........§§§...$
.....$..........
...#............
..#.....O......


You could see 6 two-headed ogres, an ogre mage, an ice devil, an orc sorcerer
and an orc priest.


Message History

The two-headed ogre is engulfed in freezing vapours.
The orc sorcerer gestures at you while chanting.
You suddenly lose the ability to move!
The ogre mage is engulfed in freezing vapours.
The orc priest is engulfed in freezing vapours.
The two-headed ogre is engulfed in freezing vapours. x2
The two-headed ogre is engulfed in freezing vapours.
The orc sorcerer gestures wildly while chanting.
The two-headed ogre is engulfed in freezing vapours. x2
The two-headed ogre is engulfed in freezing vapours. x2
The orc sorcerer hits you but does no damage.
The two-headed ogre is engulfed in freezing vapours.
The ogre mage is engulfed in freezing vapours.
The ogre mage casts a spell.
The ogre mage blinks!
The two-headed ogre barely misses you.
The two-headed ogre hits you with a giant club!
The two-headed ogre is engulfed in freezing vapours.
The two-headed ogre barely misses you. x2
The two-headed ogre is engulfed in freezing vapours.
The orc sorcerer hits you with a dagger.
The two-headed ogre is engulfed in freezing vapours.
The ice devil hits you but does no damage.
The two-headed ogre is engulfed in freezing vapours. x2
The two-headed ogre hits you with a giant spiked club!
* * * LOW HITPOINT WARNING * * *
The two-headed ogre hits you but does no damage.
The orc sorcerer hits you but does no damage.
The ogre mage points at the two-headed ogre and mumbles some strange words.
The two-headed ogre seems to speed up.
The two-headed ogre is engulfed in freezing vapours.
You kill the two-headed ogre!
Vehumet accepts your kill.
You feel your power returning.
The two-headed ogre is engulfed in freezing vapours.
The ice devil hits you.
* * * LOW HITPOINT WARNING * * *
The ice devil freezes you!!
* * * LOW HITPOINT WARNING * * *
A puff of flame appears from out of thin air!
The puff of flame hits the two-headed ogre.
The two-headed ogre is engulfed in freezing vapours.
The two-headed ogre is engulfed in freezing vapours. x2
The orc sorcerer wildly gestures.
The orc sorcerer's hands start to glow.
The orc sorcerer hits you with a dagger.
* * * LOW HITPOINT WARNING * * *
The two-headed ogre is engulfed in freezing vapours.
The two-headed ogre hits you with a giant spiked club!!
You die...

Vault maps used:
D:1:      kennysheep_arrival_forest, serial_bayou, serial_bayou_pond_b,
          serial_bayou_shore_b, serial_bayou_lake_a, serial_bayou_pond_b,
          grunt_decor_arrowhead, kennysheep_minor_cross
D:3:      serial_forest, infiniplex_forest_lined_ring,
          infiniplex_forest_clump_large, infiniplex_forest_straight_1,
          infiniplex_forest_fountain, infiniplex_forest_lined_corner,
          infiniplex_forest_lined_room_2, uniq_crazy_yiuf_cottage, uniq_robin
D:5:      first_bread, kennysheep_decorative_pillar, minmay_checkerbox
D:6:      tgw_trog, kennysheep_mini, portal_sewer_entry_e, basic_altar,
          uniq_duvessa, uniq_blork_the_orc
D:7:      serial_shops, shop, the_bakery
D:8:      nicolae_overflow_crystal_walls, minmay_lair_entry_grove,
          hangedman_abyss_or_decor_clamps, vehumet_altar_wand_db, uniq_maurice
D:9:      enter_bailey_2, bh_walls_and_bars
D:10:     kennysheep_orc_sif_temple, david_orc_5
D:12:     serial_shops, shop, basic_altar, minmay_hollow_rounded_squares
D:13:     david_vaults_3, uniq_sonja
D:14:     minivault_14, nrook_guardian_serpent_double
D:15:     hangedman_depths_entry_civil_slaughter, basic_altar,
          guppyfry_shop_blood
Temple:   regret_index_temple_mists
Lair:1:   basic_altar
Lair:2:   zaba_antful_of_joy
Lair:3:   elwin_shoals_entry_rooms, grunt_megastairs_1, uniq_prince_ribbit2
Lair:4:   beast_lair_carwin_large_1, basic_altar, uniq_nessos
Lair:5:   dpeg_oklob_gauntlet, infiniplex_staircase_pool
Lair:6:   evil_forest, slime_altar_1, grunt_megastairs_4
Orc:1:    serial_shops, nicolae_shop_behind_doors, nicolae_shop_crystal,
          mines3_lemuel
Orc:2:    kennysheep_orc_mage_school, serial_shops, shop_statue,
          nicolae_shop_overgrown_old_shop, nicolae_shop_waterfront,
          nicolae_shop_stone
Sewer:    sewer_sea
Bailey:   bailey_polearm_5, bailey

Vanquished Creatures
  Rupert (D:13)
  An orc warlord (Orc:1)
  Nessos (Lair:4)
  2 ettins
  A fire dragon (D:14)
  A rakshasa (D:14)
  An ogre mage (D:15)
  12 hydras
  A catoblepas (D:13)
  4 centaur warriors
  12 two-headed ogres
  A queen ant (Lair:2)
  A tengu warrior (D:15)
  A sun demon (Lair:6)
  Sonja (D:13)
  Urug (D:13)
  4 skeletal warriors (D:14)
  2 unseen horrors
  A lindwurm (Lair:4)
  A wizard (Lair:6)
  8 orc knights
  3 ugly things
  5 deep elf magi
  3 oklob plants
  6 cyclopes
  A moth of wrath (D:6)
  24 elephants
  A centaur zombie (D:10)
  Maurice (D:8)
  5 black mambas
  3 orange demons (Lair:6)
  2 guardian serpents (D:14)
  17 spiny frogs
  5 rime drakes
  A yaktaur (D:15)
  6 komodo dragons
  5 gargoyles
  2 centaur skeletons
  3 ice devils (Lair:6)
  An efreet (D:14)
  A kobold demonologist (D:12)
  A hellwing (Lair:6)
  A tengu conjurer (D:15)
  A jumping spider (shapeshifter) (D:15)
  8 trolls
  3 meliai (D:15)
  A hornet (D:12)
  2 polar bears
  Prince Ribbit (Lair:3)
  A meliai zombie (D:13)
  8 blink frogs
  5 slime creatures
  4 hippogriffs
  A spriggan (D:7)
  A redback (D:12)
  4 wyverns
  4 wraiths
  16 humans
  50 yaks
  2 vampires
  10 basilisks
  5 hungry ghosts
  A warg (Orc:1)
  7 soldier ants
  4 hell hounds (Lair:6)
  An acid dragon (D:12)
  7 water moccasins
  Duvessa (D:6)
  13 porcupines
  An ice beast (D:5)
  29 orc warriors
  A sky beast (shapeshifter) (D:13)
  8 sky beasts
  An eye of draining (D:14)
  A necrophage (D:10)
  13 ogres
  5 centaurs
  3 wolves (Lair:3)
  4 crocodiles
  Blork the orc (D:6)
  18 bullfrogs
  A gnoll sergeant (D:8)
  Dowan (D:6)
  A wyvern skeleton (D:11)
  4 scorpions
  A scorpion (shapeshifter) (D:14)
  11 wights
  3 killer bees (D:9)
  2 electric eels
  10 howler monkeys
  6 crimson imps
  A bullfrog zombie (D:7)
  8 hounds
  7 jellies
  Crazy Yiuf (D:3)
  15 orc priests
  27 orc wizards
  26 worker ants
  4 bullfrog skeletons
  7 iguanas
  7 hell rats (Lair:5)
  A merfolk avatar (Sewer)
  A merfolk siren (Sewer)
  A killer bee zombie (D:9)
  A hound zombie (D:5)
  Robin (D:3)
  A worker ant zombie (D:5)
  12 adders
  7 gnolls
  5 river rats
  A shadow imp (D:7)
  An ooze (D:4)
  7 worms
  3 adder skeletons
  3 dart slugs
  11 leopard geckos
  112 orcs
  6 ball pythons
  7 giant cockroaches
  12 goblins
  12 hobgoblins
  9 jackals
  4 quokkas
  14 bats
  10 frilled lizards
  A jackal skeleton (D:5)
  21 kobolds
  A quokka skeleton (D:5)
  35 rats
  A bush (D:3)
  A plant (Lair:6)
846 creatures vanquished.

Vanquished Creatures (collateral kills)
  A blink frog (Lair:6)
1 creature vanquished.

Vanquished Creatures (others)
  26 ball lightnings
  9 fungi
  12 plants
  12 spectral weapons
59 creatures vanquished.

Grand Total: 906 creatures vanquished

Table legend:
 A = Turns spent in this place as a percentage of turns spent in the entire game.
 B = Non-inter-level travel turns spent in this place as a percentage of non-inter-level travel turns spent in the entire game.
 C = Inter-level travel turns spent in this place as a percentage of turns spent in this place.
 D = Turns resting spent in this place as a percentage of non-inter-level travel turns spent in this place.
 E = Turns spent auto-exploring this place as a percentage of non-inter-level travel turns spent in this place.
 F = Non-inter-level travel turns spent in this place divided by the number of levels of this place that you've seen.
                   A       B       C       D       E      F
               +-------+-------+-------+-------+-------+----------------------
         Total | 100.0 | 100.0 |   1.0 |   4.4 |   7.4 | 432.6
       Dungeon |  58.3 |  58.1 |   1.3 |   3.1 |   7.6 | 435.6
        Temple |   0.3 |   0.3 |   2.6 |   0.0 |  48.6 |  37.0
          Lair |  28.4 |  28.6 |   0.5 |   6.6 |   6.2 | 535.3
  Orcish Mines |   6.6 |   6.6 |   0.4 |   3.6 |  11.9 | 371.0
         Sewer |   2.9 |   3.0 |   0.0 |   6.0 |   8.7 | 335.0
        Bailey |   3.4 |   3.4 |   0.0 |   7.2 |   1.8 | 387.0
               +-------+-------+-------+-------+-------+----------------------

Table legend:
 A = Kills in this place as a percentage of kills in entire the game.
 B = Kills by you in this place as a percentage of kills by you in the entire game.
 C = Kills by friends in this place as a percentage of kills by friends in the entire game.
 D = Other kills in this place as a percentage of other kills in the entire game.
 E = Experience gained in this place as a percentage of experience gained in the entire game.
 F = Experience gained in this place divided by the number of levels of this place that you have seen.
                   A       B       C       D       E      F
               +-------+-------+-------+-------+-------+----------------------
         Total | 100.0 | 100.0 | 100.0 | 100.0 | 100.0 | 5659.5
       Dungeon |  58.7 |  59.1 |   0.0 |   0.0 |  49.7 | 4875.9
          Lair |  23.1 |  22.9 | 100.0 |  40.0 |  40.8 | 10006.0
  Orcish Mines |   8.6 |   8.7 |   0.0 |   0.0 |   5.9 | 4306.5
         Sewer |   4.9 |   4.9 |   0.0 |   0.0 |   0.1 | 173.0
        Bailey |   4.7 |   4.4 |   0.0 |  60.0 |   3.5 | 5186.0
               +-------+-------+-------+-------+-------+----------------------

Notes
Turn   | Place    | Note
-------+----------+-------------------------------------------
     0 | D:1      | shpingle the Cyno Wanderer began the quest for the Orb.
     0 | D:1      | shpingle set off with: a book of Battle, a +0 short sword, a +0 falchion, a +0 robe, a bread ration {@e1}
     0 | D:1      | Reached XP level 1. HP: 17/17 MP: 2/2
     2 | D:1      | Learned a level 1 spell: Infusion
   589 | D:1      | Reached skill level 1 in Dodging
   599 | D:1      | Reached skill level 2 in Long Blades
   600 | D:1      | Reached XP level 2. HP: 10/23 MP: 4/4
  1053 | D:1      | Reached XP level 3. HP: 28/28 MP: 5/5
  1617 | D:1      | Learned a level 2 spell: Song of Slaying
  2186 | D:2      | Reached skill level 1 in Short Blades
  2186 | D:2      | Reached skill level 1 in Armour
  2455 | D:2      | Reached skill level 2 in Short Blades
  2496 | D:2      | Reached XP level 4. HP: 34/34 MP: 6/6
  3042 | D:2      | Reached skill level 2 in Armour
  3375 | D:3      | Found a runed door.
  3475 | D:3      | Reached skill level 3 in Short Blades
  3501 | D:3      | Noticed Robin
  3549 | D:3      | Reached XP level 5. HP: 35/39 MP: 7/7
  3557 | D:3      | Killed Robin
  3960 | D:3      | Noticed Crazy Yiuf
  3970 | D:3      | Killed Crazy Yiuf
  3970 | D:3      | Reached skill level 3 in Armour
  4382 | D:4      | Reached skill level 4 in Short Blades
  4382 | D:4      | Reached skill level 2 in Dodging
  4443 | D:4      | Reached skill level 2 in Evocations
  4443 | D:4      | Reached XP level 6. HP: 37/46 MP: 8/8
  4886 | D:5      | Entered Level 5 of the Dungeon
  4896 | D:5      | Reached skill level 5 in Short Blades
  5024 | D:5      | Reached skill level 3 in Dodging
  5056 | D:5      | Reached XP level 7. HP: 42/51 MP: 9/9
  5082 | D:5      | Reached skill level 4 in Armour
  5086 | D:5      | Gained mutation: You are frail. (-10% HP) [mutagenic meat]
  5087 | D:5      | Gained mutation: You tend to lose your temper in combat. [mutagenic meat]
  5090 | D:5      | Gained mutation: You are agile. (Dex +2) [mutagenic meat]
  5090 | D:5      | Gained mutation: Your spells are a little harder to cast, but a little more powerful. [potion of beneficial mutation]
  5092 | D:5      | Lost mutation: You are agile. (Dex +2) [potion of cure mutation]
  5092 | D:5      | Lost mutation: Your spells are a little harder to cast, but a little more powerful. [potion of cure mutation]
  5092 | D:5      | Lost mutation: You are frail. (-10% HP) [potion of cure mutation]
  5092 | D:5      | Lost mutation: You tend to lose your temper in combat. [potion of cure mutation]
  5094 | D:5      | Gained mutation: You have large cloven feet. [mutagenic meat]
  5131 | D:5      | HP: 6/51 [ice beast (14)]
  5451 | D:5      | Reached skill level 2 in Stealth
  5451 | D:5      | Reached skill level 3 in Evocations
  5540 | D:5      | Reached skill level 6 in Short Blades
  5572 | D:5      | Reached skill level 4 in Dodging
  5852 | D:5      | Reached skill level 3 in Stealth
  5852 | D:5      | Reached XP level 8. HP: 54/57 MP: 10/10
  5975 | D:6      | Reached skill level 5 in Armour
  6027 | D:6      | Found a glowing drain.
  6046 | Sewer    | Entered a sewer
  6130 | Sewer    | Reached skill level 7 in Short Blades
  6610 | Sewer    | Reached skill level 4 in Evocations
  6955 | D:6      | Noticed Duvessa
  6958 | D:6      | Noticed Dowan
  6967 | D:6      | Killed Duvessa
  6995 | D:6      | Killed Dowan
  7143 | D:6      | Reached skill level 4 in Stealth
  7204 | D:6      | Found a hazy altar of Hepliaklqana.
  7287 | D:6      | Found a blossoming altar of Fedhas.
  7372 | D:6      | Reached skill level 5 in Dodging
  7383 | D:6      | Noticed a moth of wrath
  7483 | D:6      | Found a bloodstained altar of Trog.
  7495 | D:6      | Killed a moth of wrath
  7495 | D:6      | Reached skill level 8 in Short Blades
  7503 | D:6      | Got a jewelled hand axe
  7504 | D:6      | Identified the +4 hand axe "Yghiq" {chaos, rPois rF+} (You found it on level 6 of the Dungeon)
  7638 | D:6      | Reached skill level 6 in Armour
  7763 | D:6      | Reached skill level 5 in Evocations
  7763 | D:6      | Reached XP level 9. HP: 62/62 MP: 12/12
  7822 | D:7      | Found Jeofrog's Weapon Shoppe.
  7857 | D:7      | Reached skill level 5 in Stealth
  8018 | D:7      | Reached skill level 6 in Dodging
  8267 | D:7      | Learned a level 2 spell: Song of Slaying
  8269 | D:7      | You fall through a shaft for 3 floors!
  8269 | D:10     | Entered Level 10 of the Dungeon
  8269 | D:10     | Found a roughly hewn altar of Beogh.
  8269 | D:10     | Found a staircase to the Orcish Mines.
  8269 | D:10     | Noticed an orc knight
  8280 | D:10     | Got a crude robe
  8507 | D:9      | Reached skill level 6 in Evocations
  8513 | D:9      | Found a flagged portal.
  8521 | Bailey   | Entered a bailey
  8583 | Bailey   | HP: 12/62 [orc/halberd (4)]
  8873 | Bailey   | Reached skill level 4 in Charms
  8894 | Bailey   | Reached skill level 6 in Stealth
  9089 | Bailey   | Noticed an orc knight
  9089 | Bailey   | Noticed an orc knight
  9089 | Bailey   | Noticed an orc knight
  9089 | Bailey   | Noticed an orc knight
  9094 | Bailey   | Reached skill level 7 in Armour
  9103 | Bailey   | Killed an orc knight
  9103 | Bailey   | Reached skill level 9 in Short Blades
  9103 | Bailey   | Reached skill level 7 in Dodging
  9113 | Bailey   | Killed an orc knight
  9113 | Bailey   | Reached skill level 5 in Charms
  9113 | Bailey   | Reached skill level 7 in Evocations
  9113 | Bailey   | Reached XP level 10. HP: 53/68 MP: 13/15
  9115 | Bailey   | Noticed an orc knight
  9120 | Bailey   | Killed an orc knight
  9122 | Bailey   | Killed an orc knight
  9138 | Bailey   | Killed an orc knight
  9138 | Bailey   | Reached skill level 8 in Armour
  9138 | Bailey   | Reached skill level 6 in Charms
  9148 | Bailey   | Noticed an orc knight
  9354 | Bailey   | Noticed an orc knight
  9358 | Bailey   | Killed an orc knight
  9358 | Bailey   | Reached skill level 8 in Dodging
  9463 | Bailey   | Killed an orc knight
  9463 | Bailey   | Reached skill level 8 in Evocations
  9708 | Bailey   | Reached skill level 4 in Fighting
  9708 | Bailey   | Reached skill level 3 in Throwing
  9708 | Bailey   | Reached skill level 9 in Armour
  9708 | Bailey   | Reached skill level 9 in Dodging
  9708 | Bailey   | Reached skill level 5 in Spellcasting
  9708 | Bailey   | Reached skill level 7 in Charms
  9708 | Bailey   | Reached skill level 3 in Necromancy
  9708 | Bailey   | Reached XP level 11. HP: 77/77 MP: 16/18
  9962 | D:7      | Identified the +2 robe of Apathy {rPois rF+++ MR- Dex+5} (You found it on level 10 of the Dungeon)
  9967 | D:7      | Learned a level 3 spell: Regeneration
  9971 | D:7      | Learned a level 3 spell: Spectral Weapon
 10088 | D:7      | Gained mutation: You are resistant to electric shocks. (rElec) [mutagenic meat]
 10088 | D:7      | Gained mutation: Your flesh is heat resistant. (rF+) [potion of beneficial mutation]
 10094 | D:7      | Found a staircase to the Ecumenical Temple.
 10401 | D:7      | Learned a level 2 spell: Shroud of Golubria
 10422 | D:8      | HP: 19/77 [yak (7)]
 10427 | D:8      | Noticed a two-headed ogre
 10438 | D:8      | HP: 13/77 [two-headed ogre/giant spiked club (10)]
 10451 | D:8      | HP: 14/77 [acid (2)]
 10454 | D:8      | HP: 2/77 [acid (5)]
 10459 | D:8      | HP: 16/77 [acid (3)]
 10463 | D:8      | HP: 6/77 [acid (4)]
 10566 | D:8      | Reached skill level 9 in Evocations
 10597 | D:8      | HP: 15/77 [porcupine (14)]
 10820 | D:8      | Noticed Maurice
 11035 | D:8      | Killed Maurice
 11171 | D:8      | Found a staircase to the Lair.
 11405 | D:8      | Reached skill level 4 in Throwing
 11405 | D:8      | Reached skill level 8 in Charms
 11605 | D:8      | Reached XP level 12. HP: 70/83 MP: 20/20
 11704 | D:8      | Killed a two-headed ogre
 11704 | D:8      | Reached skill level 6 in Spellcasting
 11923 | D:8      | Reached skill level 10 in Armour
 11935 | D:8      | Reached skill level 10 in Dodging
 11940 | D:8      | Learned a level 3 spell: Mephitic Cloud
 11947 | D:8      | Learned a level 6 spell: Freezing Cloud
 12002 | D:8      | Found a radiant altar of Vehumet.
 12010 | D:8      | Became a worshipper of Vehumet
 12214 | D:8      | Found a glowing golden altar of the Shining One.
 12273 | D:8      | Noticed a two-headed ogre
 12282 | D:8      | Killed a two-headed ogre
 12282 | D:8      | Reached skill level 1 in Air Magic
 12282 | D:8      | Reached skill level 1 in Poison Magic
 12283 | D:8      | Noticed a two-headed ogre
 12295 | D:8      | Killed a two-headed ogre
 12295 | D:8      | Reached skill level 2 in Air Magic
 13366 | D:6      | Noticed Blork the orc
 13374 | D:6      | Killed Blork the orc
 13562 | D:6      | Reached * piety under Vehumet
 13562 | D:6      | Offered knowledge of Sandblast by Vehumet.
 13565 | D:6      | Learned a level 1 spell: Sandblast
 13689 | Lair:1   | Entered Level 1 of the Lair of Beasts
 13751 | Lair:1   | Found a white marble altar of Elyvilon.
 13767 | Lair:1   | Noticed an eight-headed hydra
 13781 | Lair:1   | Killed an eight-headed hydra
 13781 | Lair:1   | Reached skill level 1 in Shields
 13781 | Lair:1   | Reached skill level 4 in Necromancy
 13781 | Lair:1   | Reached skill level 1 in Ice Magic
 13781 | Lair:1   | Reached skill level 3 in Air Magic
 13788 | Lair:1   | Reached skill level 1 in Conjurations
 14438 | Lair:1   | Noticed a four-headed hydra
 14479 | Lair:1   | Killed a four-headed hydra
 14479 | Lair:1   | Reached skill level 2 in Shields
 14479 | Lair:1   | Reached skill level 7 in Spellcasting
 14479 | Lair:1   | Reached skill level 2 in Conjurations
 14479 | Lair:1   | Reached skill level 2 in Ice Magic
 14684 | Lair:2   | Noticed a queen ant
 14743 | Lair:2   | Killed a queen ant
 14749 | Lair:2   | Reached skill level 3 in Ice Magic
 14799 | Lair:2   | Reached skill level 4 in Air Magic
 14882 | Lair:2   | Reached skill level 3 in Shields
 14882 | Lair:2   | Reached skill level 5 in Necromancy
 14929 | Lair:2   | Reached ** piety under Vehumet
 14929 | Lair:2   | Offered knowledge of Magic Dart by Vehumet.
 14932 | Lair:2   | Learned a level 1 spell: Magic Dart
 14994 | Lair:2   | Reached skill level 3 in Conjurations
 15515 | Lair:2   | Noticed a five-headed hydra
 15538 | Lair:2   | Killed a five-headed hydra
 15538 | Lair:2   | Reached skill level 4 in Shields
 15538 | Lair:2   | Reached skill level 4 in Ice Magic
 15626 | Lair:2   | Reached skill level 4 in Conjurations
 15626 | Lair:2   | Reached skill level 5 in Air Magic
 15774 | Lair:3   | Got a crude iron amulet
 15775 | Lair:3   | Identified the amulet "Uleigoq" {Inacc rC- Str+4 Dex+7} (You found it on level 3 of the Lair of Beasts)
 15782 | Lair:3   | Noticed an eight-headed hydra
 15797 | Lair:3   | Killed an eight-headed hydra
 15841 | Lair:3   | Noticed a six-headed hydra
 15858 | Lair:3   | Killed a six-headed hydra
 15858 | Lair:3   | Reached skill level 5 in Fighting
 15859 | Lair:3   | Noticed Prince Ribbit
 15869 | Lair:3   | Killed Prince Ribbit
 15869 | Lair:3   | Reached skill level 5 in Conjurations
 15869 | Lair:3   | Reached XP level 13. HP: 89/91 MP: 23/23
 15884 | Lair:3   | Reached skill level 5 in Ice Magic
 16029 | Lair:3   | Gained mutation: You regenerate slowly when monsters are visible. [mutagenic glow]
 16696 | Lair:3   | Found a staircase to the Shoals.
 16892 | Lair:4   | Reached skill level 6 in Conjurations
 16892 | Lair:4   | Reached skill level 6 in Air Magic
 16906 | Lair:4   | Offered knowledge of Dazzling Spray by Vehumet.
 16911 | Lair:4   | Learned a level 3 spell: Dazzling Spray
 16921 | Lair:4   | HP: 22/93 [hippogriff (2)]
 16977 | Lair:4   | Noticed Nessos
 17041 | Lair:4   | Found a staircase to the Snake Pit.
 17042 | Lair:4   | Reached skill level 6 in Fighting
 17055 | Lair:4   | Reached skill level 6 in Ice Magic
 17082 | Lair:4   | Killed Nessos
 17091 | Lair:4   | HP: 33/139 [black mamba (11)]
 17096 | Lair:4   | HP: 19/93 [lindwurm (2)]
 17128 | Lair:4   | HP: 18/93 [elephant (8)]
 17128 | Lair:4   | HP: 2/93 [elephant (16)]
 17284 | Lair:4   | Reached skill level 7 in Conjurations
 17374 | Lair:4   | Reached skill level 7 in Air Magic
 17409 | Lair:4   | Found a snail-covered altar of Cheibriados.
 17430 | Lair:4   | Reached skill level 7 in Stealth
 17500 | Lair:4   | Reached *** piety under Vehumet
 17794 | Lair:4   | Reached skill level 7 in Fighting
 17830 | Lair:4   | Reached skill level 7 in Ice Magic
 18608 | Lair:5   | Offered knowledge of Stone Arrow by Vehumet.
 18620 | Lair:5   | Reached skill level 8 in Air Magic
 18834 | Lair:5   | Reached skill level 8 in Conjurations
 19069 | Lair:5   | Reached skill level 8 in Stealth
 19069 | Lair:5   | Reached XP level 14. HP: 45/104 MP: 24/24
 19127 | Lair:5   | Reached skill level 8 in Fighting
 19197 | Lair:5   | Reached **** piety under Vehumet
 19272 | Lair:5   | Reached skill level 8 in Ice Magic
 19371 | Lair:5   | HP: 14/105 [acid (14)]
 19378 | Lair:5   | Got a bloodstained cloak
 19389 | Lair:5   | Identified the +0 cloak "Ummowieqi" {rC+ Str-2 Dex+4} (You found it on level 5 of the Lair of Beasts)
 19668 | Lair:6   | Entered Level 6 of the Lair of Beasts
 19699 | Lair:6   | Learned a level 5 spell: Lightning Bolt
 19723 | Lair:6   | Found a viscous altar of Jiyva.
 19724 | Lair:6   | Found a staircase to the Slime Pits.
 19993 | Lair:6   | Reached skill level 9 in Conjurations
 20112 | Lair:6   | Offered knowledge of Inner Flame by Vehumet.
 20247 | Lair:6   | Reached skill level 9 in Air Magic
 20262 | Lair:6   | Reached skill level 9 in Fighting
 20289 | Lair:6   | HP: 25/108 [yak (9)]
 20605 | Lair:6   | Reached skill level 10 in Conjurations
 20612 | Lair:6   | Found a burning altar of Makhleb.
 20634 | Lair:6   | Reached ***** piety under Vehumet
 20634 | Lair:6   | Offered knowledge of Bolt of Draining by Vehumet.
 20642 | Lair:6   | Found a gateway to Hell.
 21347 | Lair:6   | Reached skill level 10 in Fighting
 21400 | Lair:6   | Reached skill level 10 in Air Magic
 22307 | D:7      | Bought a +1 rapier of protection for 141 gold pieces
 22433 | D:10     | Gained mutation: You have a somewhat thin skeletal structure. (Dex +2, Stealth) [mutagenic meat]
 22688 | D:10     | Learned a level 2 spell: Repel Missiles
 22721 | D:10     | Reached skill level 8 in Spellcasting
 23039 | D:10     | Found a deep blue altar of Sif Muna.
 23180 | Temple   | Entered the Ecumenical Temple
 24398 | D:12     | Offered knowledge of Throw Icicle by Vehumet.
 24435 | D:12     | Found a large runed door.
 24435 | D:12     | Found a large runed door.
 24645 | D:12     | Found a large runed door.
 24645 | D:12     | Found a large runed door.
 24713 | D:12     | Found Zeq Navodomo's Distillery.
 24818 | D:12     | Gained mutation: Your movements are slightly less encumbered by armour. (ER -2) [potion of beneficial mutation]
 25127 | D:12     | Found a burning altar of Makhleb.
 25345 | D:12     | Reached skill level 10 in Evocations
 25345 | D:12     | Reached XP level 15. HP: 94/115 MP: 8/27
 25411 | D:13     | Found a gate to the Vaults.
 25411 | D:13     | Noticed Rupert
 25411 | D:13     | Noticed Urug
 25501 | D:13     | Noticed Sonja
 25521 | D:13     | Killed Sonja
 25521 | D:13     | Reached skill level 9 in Spellcasting
 25521 | D:13     | Reached skill level 11 in Conjurations
 26053 | D:13     | Reached skill level 11 in Air Magic
 26102 | D:13     | HP: 27/115 [Urug/javelin (27)]
 26105 | D:13     | Killed Urug
 26110 | D:13     | HP: 25/115 [deep elf mage/magic dart (2)]
 26117 | D:13     | HP: 25/115 [human (6)]
 26182 | D:13     | Killed Rupert
 26185 | D:13     | Reached skill level 10 in Spellcasting
 26745 | D:13     | Identified a scroll of acquirement
 26746 | D:13     | Got a bloodstained cloak
 26757 | D:13     | Identified the +0 cloak of Disappointment {rC+ Dex+4} (You acquired it on level 13 of the Dungeon)
 27413 | D:14     | Offered knowledge of Conjure Ball Lightning by Vehumet.
 27421 | D:14     | Learned a level 6 spell: Conjure Ball Lightning
 28422 | D:15     | Entered Level 15 of the Dungeon
 28464 | D:15     | Found a bloodstained altar of Trog.
 28486 | D:15     | Reached skill level 11 in Evocations
 28487 | D:15     | Reached skill level 5 in Throwing
 28778 | D:15     | Reached skill level 5 in Shields
 28973 | D:15     | Reached skill level 12 in Air Magic
 29206 | D:15     | Found a staircase to the Depths.
 29284 | D:15     | Found Iramitud's Blood Bar.
 29419 | D:15     | shpingle: ??ball lightninng
 29419 | D:15     | beem: ball lightninng ~ ball lightning[1/3]: Like a giant spore, but zappier; explodes for 3d20 elec damage. They don't exist naturally, but Conjure Ball Lightning (L6 C/A in Sky) can make them, and are also in rare abyss, swamp, and aerie vaults. Cannot be conjured over water or lava. Remember that ones conjured will explode when they time out!
 29419 | D:15     | shpingle: ??ball lightninng[2
 29419 | D:15     | beem: ball lightninng ~ ball lightning[2/3]: Ball lightning created by Conjure Ball Lightning explodes for 3d(11.25+power/16) damage.
 29419 | D:15     | shpingle: ??ball lightninng[3
 29419 | D:15     | beem: ball lightninng ~ ball lightning[3/3]: !lg ahrin place=tomb:3 1 -tv
 29419 | D:15     | shpingle: ?/ball lightning
 29419 | D:15     | beem: Matching terms (2): ball_lightning, conjure_ball_lightning; entries (19): aerie_vault[1]
                  | air_miscast[1]
                  | Allahu_ackbar[1]
                  | b0rsuk[4]
                  | ball_lightning[1]
                  | ball_lightning[2]
                  | ball_python[2]
                  | book_of_the_sky[1]
                  | chris[5]
                  | disc_of_storms[1]
                  | list_of_spells_by_school[1]
                  | list_of_spells_by_spell_level[6]
                  | lom_lobon[1]
                  | sacrifice_love[1]
                  | sacrifice_love[2]
                  | sleepwalking[3]
                  | trivia[1]
                  | ...
 29419 | D:15     | shpingle: ??allahu
 29419 | D:15     | beem: I don't have a page labeled allahu in my learndb.
 29419 | D:15     | shpingle: ??Allahu
 29419 | D:15     | beem: I don't have a page labeled Allahu in my learndb.
 29419 | D:15     | shpingle: ??Allahu_ackbar
 29419 | D:15     | beem: ball lightning[1/3]: Like a giant spore, but zappier; explodes for 3d20 elec damage. They don't exist naturally, but Conjure Ball Lightning (L6 C/A in Sky) can make them, and are also in rare abyss, swamp, and aerie vaults. Cannot be conjured over water or lava. Remember that ones conjured will explode when they time out!
 29472 | D:13     | Reached skill level 12 in Conjurations
 29548 | Orc:1    | Entered Level 1 of the Orcish Mines
 29587 | Orc:1    | Found Wukkidayt's Antique Weapon Emporium.
 29597 | Orc:1    | Bought a translucent broad axe for 288 gold pieces
 29599 | Orc:1    | Identified the +7 broad axe "Cyno's Curse" {chop, Str+4} (You bought it in a shop on level 1 of the Orcish Mines)
 29790 | D:13     | Reached skill level 6 in Shields
 29941 | Orc:1    | Gained mutation: Armour fits poorly on your strangely shaped body. [mutagenic glow]
 30306 | Orc:1    | Reached skill level 11 in Spellcasting
 30388 | Orc:1    | Offered knowledge of Bolt of Cold by Vehumet.
 30748 | Orc:1    | Noticed an orc warlord
 30764 | Orc:1    | Killed an orc warlord
 30779 | Orc:1    | Reached XP level 16. HP: 105/122 MP: 18/31
 30816 | Orc:1    | Found Vikahiwe's Jewellery Shop.
 30958 | Orc:2    | Entered Level 2 of the Orcish Mines
 30959 | Orc:2    | Found Deczennol's Distillery.
 30998 | Orc:2    | Found Gogymin's Distillery.
 31042 | Orc:2    | Found a staircase to the Elven Halls.
 31180 | Orc:2    | Found Tootasis's Assorted Antiques.
 31312 | Orc:2    | Found Loumneg's Gadget Boutique.
 31456 | Orc:2    | Paralysed by an orc sorcerer for 6 turns
 31460 | Orc:2    | HP: 21/122 [ice devil[an orc sorcerer] (22)]
 31461 | Orc:2    | Mangled by a two-headed ogre

Action                   |  1- 3 |  4- 6 |  7- 9 | 10-12 | 13-15 | 16-18 || total
-------------------------+-------+-------+-------+-------+-------+-------++-------
Melee: Short sword       |    26 |       |       |       |       |       ||    26
       Falchion          |    82 |       |       |       |       |       ||    82
       Dagger            |    36 |   260 |   461 |   671 |   845 |       ||  2273
       Quarterstaff      |       |       |     5 |       |       |       ||     5
       Rapier            |       |       |       |       |   803 |    66 ||   869
 Fire: Blowgun           |       |       |       |       |     1 |       ||     1
Throw: Stone             |     1 |    21 |    30 |    11 |       |       ||    63
       Tomahawk          |       |       |       |    14 |    24 |     2 ||    40
 Cast: Infusion          |       |     1 |     3 |     9 |    27 |     4 ||    44
       Regeneration      |       |       |       |    24 |   118 |     2 ||   144
       Spectral Weapon   |       |       |       |    16 |    29 |       ||    45
       Shroud of Golubri |       |       |       |     3 |     1 |       ||     4
       Song of Slaying   |       |       |       |     2 |     5 |     3 ||    10
       Mephitic Cloud    |       |       |       |     1 |     7 |       ||     8
       Dazzling Spray    |       |       |       |       |     6 |       ||     6
       Lightning Bolt    |       |       |       |       |    58 |       ||    58
       Freezing Cloud    |       |       |       |       |    24 |     2 ||    26
       Conjure Ball Ligh |       |       |       |       |    14 |     1 ||    15
 Abil: Evoke Invisibilit |       |       |     2 |    10 |    46 |     3 ||    61
       Turn Visible      |       |       |       |       |    10 |     2 ||    12
Evoke: Wand              |       |       |    14 |    11 |    25 |     1 ||    51
       Fan of gales      |       |       |       |       |     1 |       ||     1
       Lamp of fire      |       |       |       |       |     1 |       ||     1
  Use: Scroll            |     2 |     7 |    10 |    16 |    34 |       ||    69
       Potion            |     2 |     1 |     5 |     6 |    15 |       ||    29
 Stab: Confused          |       |       |     3 |     2 |     6 |       ||    11
       Invisible         |       |       |     2 |    23 |   134 |     2 ||   161
       Sleeping          |       |       |     1 |    11 |    43 |     3 ||    58
       Distracted        |       |       |       |     5 |    13 |       ||    18
  Eat: Chunk             |     5 |     7 |    17 |    32 |    49 |     6 ||   116
       Royal jelly       |       |     1 |       |       |       |       ||     1
       Beef jerky        |       |       |     1 |     1 |     2 |       ||     4
       Fruit             |       |       |       |     2 |     3 |       ||     5
       Meat ration       |       |       |       |       |     7 |       ||     7
       Bread ration      |       |       |       |       |     6 |       ||     6
       Pizza             |       |       |       |       |     2 |       ||     2
Armor: Robe              |     9 |       |       |    92 |   228 |     9 ||   338
       Ring mail         |    31 |    69 |   103 |     6 |       |       ||   209
       Skin              |    18 |       |       |       |     1 |       ||    19
Dodge: Dodged            |    94 |    95 |   193 |   351 |   970 |    25 ||  1728
Block: Buckler           |       |       |       |    46 |   279 |     8 ||   333
       Rpst.: Falchion   |    23 |       |       |       |       |       ||    23
